Map: Arctic Dream LE

Players

qqq

  • Race: Zerg Zerg
  • Spawn Location: 12:00

Massa

  • Race: Terran Terran
  • Spawn Location: 11:00

Lilalaunebär - Winner!

  • Race: Zerg Zerg
  • League: Platinum
  • Spawn Location: 6:00

pizzaeater - Winner!

  • Race: Zerg Zerg
  • Spawn Location: 5:00

VOD

Have the link to the VOD?

Description

Time

  • Played on: June 10, 2020, 8:01 a.m.
  • Length: 9:57
Show
View Real Time Build Order
Export as new Build Order

qqq Zerg 

Build Orders: Pool First 

Get SALT Encoding   

  12  0:19  Spawning Pool  
  11  0:22  Drone  
  12  0:41  Overlord  
  12  0:42  Drone  
  13  0:43  Drone  
  14  1:03  Drone  
  15  1:05  Drone  
  16  1:34  Zergling x2  
  16  1:36  Zergling x2  
  18  1:40  Zergling x2  
  20  1:54  Zergling x2  
  20  2:03  Zergling x2  
  20  2:16  Spine Crawler  
  20  2:17  Spine Crawler  
  20  2:18  Spine Crawler  
  20  2:20  Spine Crawler  
  20  2:21  Zergling x4  
  20  2:22  Spine Crawler  
  17  2:29  Zergling x2  
  16  2:53  Zergling x2  
  16  2:54  Queen  
  19  3:20  Zergling x4  
  20  3:30  Queen  
  22  3:40  Hatchery  
  17  3:45  Zergling x6  
  19  4:00  Extractor  
  19  4:01  Zergling x2  
  17  4:26  Zergling x2  
  17  4:27  Zergling x6  
  21  4:34  Zergling x2  
  19  4:51  Drone x2  
  20  4:53  Drone  
  21  5:04  Drone, Baneling Nest  
  21  5:11  Drone  
  22  5:16  Drone  
  23  5:33  Drone x2  
  23  5:35  Drone  
  24  5:48  Baneling  
  24  5:49  Baneling x4  
    6:36  Drone  
  1  7:33  Hatchery  
    8:45  Drone  
  1  9:08  Drone x2  
  3  9:21  Drone  
Show
View Real Time Build Order
Export as new Build Order

Massa Terran 

Build Orders:  

Get SALT Encoding   

  12  0:07  SCV  
  13  0:17  Supply Depot  
  13  0:19  SCV  
  14  0:31  SCV  
  15  0:41  Barracks  
  15  0:43  SCV  
  16  0:54  Supply Depot  
  16  0:56  SCV  
  17  1:26  SCV  
  18  1:33  Barracks  
  18  1:35  Marine  
  18  1:38  SCV  
  20  1:43  Supply Depot  
  20  1:52  Marine  
  21  2:05  SCV  
  22  2:10  Marine  
  22  2:18  SCV  
  23  2:27  Marine  
  23  2:28  Marine  
  23  2:31  Barracks  
  23  2:42  Barracks  
  23  2:44  Marine  
  23  2:46  Marine  
  23  2:50  Refinery  
  25  3:02  Marine, Command Center  
  25  3:04  Marine  
  27  3:20  Marine  
  27  3:21  Marine  
  27  3:24  Bunker  
  29  3:27  Marine  
  29  3:30  Marine  
  31  3:41  Marine  
  31  3:43  Marine  
  31  3:53  Supply Depot  
  31  4:03  Marine  
  31  4:14  Marine x3  
  31  4:16  Supply Depot  
  32  4:22  Marine  
  25  4:31  Marine x3  
  23  4:40  Marine  
  22  4:49  Marine  
  22  4:53  SCV  
  22  4:54  Barracks  
  22  4:57  Barracks  
  21  5:05  SCV  
  22  5:07  Marine  
  22  5:13  Barracks  
  23  5:16  SCV  
  23  5:17  SCV  
  25  5:25  Marine  
  26  5:29  SCV x2  
  26  5:33  Supply Depot  
  28  5:41  SCV x2  
  30  5:43  Marine  
  30  5:44  Marine x2  
  33  6:00  Marine  
  33  6:02  Marine x2  
  36  6:10  Marine  
  37  6:15  Factory  
  37  6:18  Marine  
  37  6:19  Marine  
  37  6:20  Marine  
  40  6:28  Marine  
  41  6:36  Marine  
  41  6:37  Marine x2  
  44  6:46  Marine  
  43  6:54  Marine  
  43  6:55  Marine  
  43  7:10  Factory Tech Lab  
  43  7:25  Starport  
  43  7:31  Barracks, Siege Tank  
  43  7:32  Barracks  
  46  7:39  SCV x2  
  48  7:51  SCV  
  48  7:52  Refinery, Orbital Command  
  48  7:54  Barracks Tech Lab  
  48  7:56  Barracks Reactor  
  49  7:58  Barracks Tech Lab  
  49  8:05  Medivac  
  51  8:09  Engineering Bay  
  51  8:12  SCV  
  52  8:18  Supply Depot  
  52  8:20  Supply Depot  
  52  8:24  SCV  
  53  8:36  SCV  
  54  8:42  Marine x5  
  54  8:48  SCV  
  60  9:00  SCV  
  60  9:01  Marauder x2  
  65  9:03  Siege Tank  
  65  9:06  Barracks Reactor  
  65  9:08  Marine  
  65  9:09  Marine  
  70  9:32  Marine x2  
  70  9:33  SCV, Marauder x2, Marine  
Show
View Real Time Build Order
Export as new Build Order

Lilalaunebär Zerg - Winner!

Build Orders: Hatch First 

Get SALT Encoding   

  12  0:02  Drone  
  13  0:12  Overlord  
  13  0:25  Overlord  
  13  0:26  Drone  
  14  0:38  Drone x2  
  16  0:59  Drone  
  18  1:11  Drone x2  
  19  1:20  Hatchery  
  18  1:27  Spawning Pool  
  18  1:28  Drone  
  18  1:29  Extractor  
  17  1:49  Drone x2  
  19  2:06  Overlord  
  19  2:08  Drone  
  20  2:25  Queen  
  22  2:33  Zergling x6  
  22  2:35  Zergling x2  
  22  2:36  Queen  
  28  2:45  Spine Crawler  
  28  2:50  Spine Crawler  
  26  2:52  Zergling x4  
  28  3:00  Queen  
  28  3:02  Drone x2  
  32  3:30  Zergling x2  
  32  3:31  Zergling x2  
  33  3:39  Zergling x14  
  35  3:56  Zergling x4  
  32  4:21  Zergling x10  
  32  4:22  Zergling x12  
  43  4:29  Zergling x2  
  41  4:40  Zergling x4  
  41  4:45  Metabolic Boost  
  43  4:49  Extractor  
  42  4:52  Baneling Nest  
  41  5:09  Drone x2  
  41  5:10  Overlord  
  41  5:11  Overlord x2  
  42  5:44  Zergling x8  
  42  5:45  Drone x4, Zergling x2  
  50  6:18  Drone x2  
  50  6:19  Drone x4  
  42  6:33  Drone x2  
  42  6:39  Drone  
  44  6:42  Lair  
  44  6:50  Drone x2  
  46  6:54  Extractor  
  46  6:56  Extractor  
  46  7:01  Zergling x4  
  43  7:05  Hatchery  
  40  7:16  Zergling x6  
  43  7:32  Drone x4  
  47  7:43  Drone x2  
  47  7:44  Hydralisk Den  
  48  7:48  Drone x4  
  52  7:51  Centrifical Hooks  
  52  8:06  Drone x4  
  52  8:11  Hatchery, Drone x2  
  57  8:25  Drone x4  
  57  8:26  Drone  
  62  8:28  Drone x2  
  62  8:34  Grooved Spines  
  64  8:38  Drone x4, Evolution Chamber  
  64  8:40  Drone x3, Evolution Chamber  
  69  8:49  Drone x2  
  69  8:50  Drone x2  
  73  8:56  Drone  
  73  8:57  Overlord  
  74  9:09  Overlord x3  
  74  9:16  Extractor  
  73  9:19  Extractor  
  73  9:20  Zergling x2  
  73  9:21  Zergling x16  
  81  9:32  Hydralisk x4, Zergling x2  
Show
View Real Time Build Order
Export as new Build Order

pizzaeater Zerg - Winner!

Build Orders: Pool First 

Get SALT Encoding   

  12  0:03  Drone  
  13  0:11  Drone  
  14  0:26  Spawning Pool  
  13  0:30  Drone  
  14  0:39  Overlord  
  14  1:03  Hatchery  
  13  1:08  Drone  
  14  1:25  Zergling x6  
  17  1:33  Queen  
  19  1:45  Drone  
  20  1:52  Drone  
  21  1:54  Extractor  
  20  2:12  Zergling x2  
  20  2:13  Zergling x2  
  22  2:25  Zergling x2  
  22  2:26  Zergling x4  
  23  2:30  Queen  
  23  2:36  Zergling x2  
  26  3:06  Drone x2, Spine Crawler  
  26  3:09  Overlord x2  
  23  3:45  Zergling x8  
  23  3:46  Zergling x12  
  23  3:47  Zergling x2  
  28  4:19  Zergling x12  
  34  4:34  Queen  
  35  4:44  Drone  
  35  4:45  Drone x4  
  37  6:23  Lair  
  37  6:28  Overlord  
  37  6:29  Extractor, Overlord x5  
  37  6:30  Extractor x2, Overlord x2  
  33  6:45  Zergling x2  
  33  6:46  Zergling x12  
  33  6:47  Zergling x2  
  36  6:49  Metabolic Boost  
  36  6:54  Baneling Nest  
  30  7:03  Queen  
  30  7:04  Drone x2  
  30  7:05  Drone, Zergling x4  
  30  7:07  Spine Crawler  
  36  7:18  Zergling x4  
  38  7:23  Drone x3  
  38  7:27  Drone  
  38  7:28  Drone  
  44  7:30  Drone  
  44  7:33  Drone  
  45  7:40  Baneling  
  45  7:41  Baneling x7  
  45  7:47  Drone  
  46  7:53  Drone x2  
  46  7:56  Drone x2  
  50  7:59  Drone  
  50  8:01  Drone  
  50  8:04  Drone  
  53  8:06  Drone  
  53  8:09  Drone  
  55  8:34  Centrifical Hooks  
  55  8:37  Zergling x2  
  55  8:38  Zergling x12  
  55  8:39  Zergling x8  
  66  8:42  Zergling x2  
  57  9:42  Drone x4  
  57  9:43  Drone  
  62  9:56  Infestation Pit  
Tags
 
Add a new tag
Caveats
  • Supply blocks, unpowered buildings, or Contaminate may cause inaccurate times.
  • Supply counts are checked every 10 seconds.